Unix NetHack Version 5.0.0-0 post-release - last build May  4 2026 22:22:43 (774f63e81ad911689b3a0859ea89b322d5daca8d,branch:main).

Game began 2026-05-05 14:32:31, ended 2026-05-05 15:08:22.

1212459919, lawful female human Samurai

                                                     ------------
                                                     |......<...|
                                                     +..........|
                                  i@#################|..........|
  |...=..........                             #   ###...........|
  ------- --+---                                 ####|..........|
                                                     |..........|
                                                     ------------



                                             -

1212459919 the Ronin   St:16 Dx:15 Co:18 In:9 Wi:11 Ch:7  Lawful
Dlvl:5  $:82 HP:0(35) Pw:15(15) AC:10 Xp:3 T:1087 

Latest messages:
 You cannot escape from the lichen!
 You cannot escape from the lichen!
 You cannot escape from the lichen!
 You cannot escape from the lichen!
 You cannot escape from the lichen!
 You cannot escape from the lichen!
 You cannot escape from the lichen!
 The lichen misses!
 You cannot escape from the lichen!
 You pull free from the lichen.
 There is a doorway here.
 You see here a mace.
 You descend the stairs.
 You can't open anything -- you have no hands!
 You can't open anything -- you have no hands!
 You can't open anything -- you have no hands!
 You can't open anything -- you have no hands!
 You can't open anything -- you have no hands!
 You can't open anything -- you have no hands!
 You can't open anything -- you have no hands!
 You can't open anything -- you have no hands!
 You hear water falling on coins.
 You see here a dark potion.
 l - a dark potion.
 You miss the red naga hatchling.
 You miss the red naga hatchling.
 You miss the red naga hatchling.
 You bite the red naga hatchling.
 The red naga hatchling bites!
 You miss the red naga hatchling.
 You miss the red naga hatchling.
 The red naga hatchling bites!
 You return to human form!
 You hit the red naga hatchling!
 The red naga hatchling bites!
 You hit the red naga hatchling!
 You kill the red naga hatchling!
 You miss the imp.
 The imp hits!
 "Only thy reflection could love thee!"
 You hit the imp!
 The imp hits!
 You miss the imp.
 The imp hits!
 You die...
 Do you want your possessions identified? [ynq] (y) y
 Do you want to see your attributes? [ynq] (y) y
 Do you want an account of creatures vanquished? [ynaq] (y) y
 Do you want to see your conduct and achievements? [ynq] (y) y
 Do you want to see the dungeon overview? [ynq] (y) y

Inventory:
 Coins    ('$')
  $ - 82 gold pieces
 Potions  ('!')
  l - an uncursed potion of healing

1212459919 the Samurai's attributes:

Background:
 You were a Ronin, a level 3 female human Samurai.
 You were lawful, nominally on a mission for Amaterasu Omikami
 who was opposed by Raijin (neutral) and Susanowo (chaotic).
 You were right-handed.
 You were in the Dungeons of Doom, on level 5.
 You entered the dungeon 1087 turns ago.
 You had 68 experience points, 12 more were needed to attain level 4.

Basics:
 You had 0 out of 35 hit points.
 You had all 15 energy points (spell power).
 Your armor class was 10.
 Your wallet contained 82 zorkmids.
 Autopickup was off.

Final Characteristics:
 Your strength was 16 (limit:18/100).
 Your dexterity was 15 (limit:18).
 Your constitution was 18 (limit:18).
 Your intelligence was 9 (limit:18).
 Your wisdom was 11 (limit:18).
 Your charisma was 7 (limit:18).

Final Status:
 You weren't hungry.
 You were unencumbered.
 You were bare handed.
 You had basic skill with martial arts.
 You weren't wearing any armor.

Final Attributes:
 You were devoutly aligned.
 You were level-drain resistant.
 You were a wererat.
 You were harmed by silver.
 You were fast.
 You are dead.

Miscellaneous:
 You didn't encounter any bones levels.
 Total elapsed playing time was 28 minutes and 37 seconds.

Major events:
 Turn
    1: 1212459919 the lawful female human Samurai entered the dungeon
  861: attained the rank of Ronin (level 3)
 1087: killed by an imp

You didn't know any spells.

Skills:
 Fighting Skills
   martial arts      [Basic]
   two weapon combat [Unskilled]
   riding            [Unskilled]
 Weapon Skills
   dagger            [Unskilled]
   knife             [Unskilled]
   short sword       [Basic]
   broadsword        [Unskilled]
   long sword        [Basic]
   two-handed sword  [Unskilled]
   saber             [Unskilled]
   flail             [Unskilled]
   quarterstaff      [Unskilled]
   polearms          [Unskilled]
   spear             [Unskilled]
   lance             [Unskilled]
   bow               [Basic]
   shuriken          [Unskilled]
 Spellcasting Skills
   attack spells     [Unskilled]
   divination spells [Unskilled]
   clerical spells   [Unskilled]

Voluntary challenges:
 Character rerolling was not enabled.
 You were vegetarian.
 You were an atheist.
 You never genocided any monsters.
 You never polymorphed an object.
 You used no wishes.
Achievement:
 You attained the rank of Ronin.

 The Dungeons of Doom: levels 1 to 5
    Level 1:
       A fountain.
    Level 2:
       A sink.
    Level 3:
       Some sinks.
    Level 4:
       A grave.
    Level 5: <- You were here.
       Final resting place for
          you, killed by an imp.


Vanquished creatures:
  a red naga hatchling
  a wererat
  a werejackal
 an iguana
 an acid blob
  a coyote
  2 giant rats
  2 jackals
  2 goblins
  3 sewer rats
  a grid bug
  a kobold zombie
  4 newts
21 creatures vanquished.

No species were genocided or became extinct.

Game over:
                       ----------
                      /          \
                     /    REST    \
                    /      IN      \
                   /     PEACE      \
                  /                  \
                  |    1212459919    |
                  |      82 Au       |
                  | killed by an imp |
                  |                  |
                  |                  |
                  |                  |
                  |       2026       |
                 *|     *  *  *      | *
        _________)/\\_//(\/(/\)/\//\/|_)_______

Sayonara 1212459919 the Samurai...

You died in The Dungeons of Doom on dungeon level 5 with 546 points,
and 82 pieces of gold, after 1087 moves.
You were level 3 with a maximum of 35 hit points when you died.

